 Dungeon Crawl Stone Soup version 0.30-a0-881-g1ff12e1e11 (webtiles) character file.

Game seed: 4758846506176080830

701465 bobo the Crack Shot (level 27, -23/145 (188) HPs)
             Began as a Tengu Hunter on Mar 12, 2023.
             Was a High Priest of Zin.
             Killed from afar by a Tzitzimitl (56 damage)
             ... with a bolt of negative energy
             ... called by a doom hound
             ... on level 3 of Tartarus on Mar 15, 2023.
             The game lasted 08:12:00 (85409 turns).

bobo the Crack Shot (Tengu Hunter)                 Turns: 85409, Time: 08:12:02

HP:   -23/145 (188) AC: 32    Str: 23      XL:     27
MP:   23/40         EV: 30    Int: 14 (17) God:    Zin [*****.]
Gold: 2540          SH: 22    Dex: 32      Spells: 4/51 levels left

rFire   + + .      SeeInvis +    s - +9 hand crossbow of Slime {speed, rPois Will- Str+3}
rCold   + + +      Faith    +    V - +5 kite shield
rNeg    . . .      Spirit   .    R - +8 fire dragon scales
rPois   +          Reflect  .    r - +2 hat
rElec   .          Rampage  .    k - +4 dragonskin cloak
rCorr   .                        P - +2 pair of gloves {hurl}
Will    +....                    (boots unavailable)
Stlth   ++++++                   C - amulet of Awe {Faith Will+ Regen+ Dex+2}
HPRegen 1.24/turn                L - ring "Ibuc" {Ice Contam Dex+8 Stlth+}
MPRegen 0.27/turn                K - ring "Buuzylua" {Contam rF+ rC+++ Str+6 SInv}

@: portalling projectiles, flying quickly and evasively, studying 2 skills,
heavily drained, weak-willed, quick
A: beak, talons 3, nimble flight
}: 4/15 runes: serpentine, barnacled, silver, abyssal
a: Renounce Religion, Recite, Vitalisation, Imprison, Sanctuary, Donate Gold


You were on level 3 of Tartarus.
You worshipped Zin.
Zin was extremely pleased with you.
You visited 16 branches of the dungeon, and saw 64 of its levels.
You visited the Abyss 4 times.
You visited 1 ziggurat, and saw 11 of its levels.
You also visited: Ossuary, Bailey and Wizlab.

You collected 7354 gold pieces.
You spent 3536 gold pieces at shops.
You donated 1278 gold pieces to Zin.

Inventory:

Hand Weapons
 a - a +9 hand crossbow of freezing
 s - the +9 hand crossbow of Slime (weapon) {speed, rPois Will- Str+3}
   (You acquired it on level 6 of the Dungeon)

   Str:       It affects your strength (+3).
   rPois:     It protects you from poison.
   Will:      It decreases your willpower.
Armour
 k - the +4 dragonskin cloak (worn)
   (You took it off Tiamat on level 1 of the Realm of Zot)

   Avatar's Aegis: It grants the wearer a chance to resist fire, cold, poison,
   electricity, acid, and negative energy.
 r - a +2 hat (worn)
 u - the +7 leather armour of the Armoured One {Dex+5}
   (You found it on level 2 of the Crypt)

   Dex:       It affects your dexterity (+5).
 x - the +5 robe of Night {Dark Will+ SInv}
   (You found it on level 9 of a ziggurat)

   Dark:      It shrouds the wearer in darkness, reducing the range at which
   they can see and be seen by others.
   SInv:      It lets you see invisible.
   Will:      It increases your willpower.
 P - a +2 pair of gloves of hurling (worn)
 R - +8 fire dragon scales (worn)
 V - a +5 kite shield (worn)
Jewellery
 C - the amulet of Awe (around neck) {Faith Will+ Regen+ Dex+2}
   (You acquired it on level 4 of the Vaults)

   [amulet of faith]

   It allows you to gain divine favour quickly.
   Dex:       It affects your dexterity (+2).
   Regen:     It increases your rate of health regeneration.
   Will:      It increases your willpower.
 D - the ring of Hepliaklqana's Wrath {rF+ rC+ Int+6}
   (You found it on level 10 of a ziggurat)

   [ring of intelligence]

   Int:       It affects your intelligence (+6).
   rF:        It protects you from fire.
   rC:        It protects you from cold.
 H - the ring "Liopief" {rC+ Will+ Dex+5}
   (You found it on level 10 of a ziggurat)

   [ring of willpower]

   Dex:       It affects your dexterity (+5).
   rC:        It protects you from cold.
   Will:      It increases your willpower.
 K - the ring "Buuzylua" (right hand) {Contam rF+ rC+++ Str+6 SInv}
   (You bought it in a shop on level 1 of the Snake Pit)

   [ring of strength]

   Str:       It affects your strength (+6).
   rF:        It protects you from fire.
   rC:        It renders you almost immune to cold.
   SInv:      It lets you see invisible.
   Contam:    It causes magical contamination when unequipped.
 L - the ring "Ibuc" (left hand) {Ice Contam Dex+8 Stlth+}
   (You took it off Josephina on level 4 of the Depths)

   [ring of ice]

   It enhances your ice magic.
   Dex:       It affects your dexterity (+8).
   rF:        It makes you vulnerable to fire.
   rC:        It protects you from cold.
   Contam:    It causes magical contamination when unequipped.
   Stlth:     It makes you more stealthy.
Wands
 E - a wand of paralysis (14)
 O - a wand of digging (12)
 Q - a wand of flame (44)
 X - a wand of acid (18)
 Y - a wand of iceblast (5)
Scrolls
 b - 10 scrolls of immolation
 c - 3 scrolls of magic mapping
 f - 16 scrolls of teleportation
 i - 4 scrolls of fear
 l - a scroll of enchant armour
 m - 5 scrolls of amnesia
 n - 2 scrolls of blinking
 p - 4 scrolls of fog
 w - 6 scrolls of silence
 B - 10 scrolls of enchant weapon
 I - 2 scrolls of brand weapon
 W - 5 scrolls of poison
Potions
 d - 5 potions of ambrosia
 e - 2 potions of resistance
 h - 8 potions of brilliance
 j - 24 potions of curing
 v - 4 potions of cancellation
 z - 8 potions of attraction
 A - 7 potions of might
 F - a potion of magic
 G - 12 potions of mutation
 U - a potion of berserk rage
Miscellaneous
 g - the horn of Geryon


   Skills:
 + Level 23.2 Fighting
 + Level 23.2 Ranged Weapons
 - Level 14.2 Armour
 + Level 15.8 Dodging
 + Level 13.0 Stealth
 - Level 15.0 Shields
 + Level 12.6 Spellcasting
 - Level 6.0 Hexes
 - Level 23.1 Summonings
 - Level 10.7 Translocations
 - Level 3.0 Transmutations
 - Level 3.4 Fire Magic
 - Level 9.6 Air Magic
 - Level 3.9 Earth Magic
 - Level 19.8 Invocations


You had 4 spell levels left.
You knew the following spells:

 Your Spells              Type           Power      Damage    Failure   Level
a - Blink                 Tloc           76%        N/A       1%          2
d - Monstrous Menagerie   Summ           32%        N/A       1%          7
e - Inner Flame           Hex/Fire       21%        N/A       14%         3
f - Summon Hydra          Summ           32%        N/A       1%          7
q - Portal Projectile     Hex/Tloc       64%        N/A       3%          3
r - Swiftness             Air            35%        N/A       1%          3
s - Summon Cactus Giant   Summ           32%        N/A       1%          6
t - Passage of Golubria   Tloc           38%        N/A       3%          4
v - Summon Mana Viper     Hex/Summ       49%        N/A       2%          5
w - Passwall              Tmut/Erth      15%        N/A       12%         2
z - Summon Forest         Summ/Tloc      27%        N/A       1%          5

Your spell library contained the following spells:

 Spells                   Type           Power      Damage    Failure   Level
 Summon Small Mammal      Summ           100%       N/A       0%          1
 Call Imp                 Summ           65%        N/A       0%          2
 Call Canine Familiar     Summ           65%        N/A       0%          3
 Apportation              Tloc           76%        N/A       1%          1
 Lesser Beckoning         Tloc           76%        N/A       1%          2
 Gell's Gravitas          Tloc           38%        N/A       1%          3
 Summon Guardian Golem    Hex/Summ       49%        N/A       1%          3
 Teleport Other           Tloc           38%        N/A       1%          3
 Vhi's Electric Charge    Tloc/Air       74%        N/A       1%          3
 Animate Armour           Summ/Erth      92%        N/A       1%          4
 Summon Lightning Spire   Summ/Air       53%        N/A       1%          4
 Slow                     Hex            100%       N/A       2%          1
 Summon Ice Beast         Ice/Summ       58%        N/A       2%          4
 Manifold Assault         Tloc           38%        N/A       3%          4
 Shock                    Conj/Air       88%        1d8       4%          1
 Momentum Strike          Conj/Tloc      46%        3d9       5%          2
 Airstrike                Air            17%        2d(3-19)  6%          4
 Poisonous Vapours        Pois/Air       44%        N/A       7%          2
 Confusing Touch          Hex            25%        N/A       9%          3
 Tukima's Dance           Hex            25%        N/A       9%          3
 Cigotuvi's Dreadful Rot  Necr/Pois/Air  34%        N/A       13%         2
 Ensorcelled Hibernation  Hex/Ice        50%        N/A       14%         2
 Wereblood                Tmut           17%        N/A       14%         2
 Sting                    Tmut/Pois      52%        1d5       17%         1
 Mephitic Cloud           Conj/Pois/Air  17%        N/A       26%         3
 Cause Fear               Hex            12%        N/A       26%         4
 Freeze                   Ice            52%        1d6       32%         1
 Kiss of Death            Conj/Necr      32%        2d7       32%         1
 Magic Dart               Conj           32%        1d4       32%         1
 Ignite Poison            Fire/Tmut/Pois 14%        N/A       36%         3
 Leda's Liquefaction      Hex/Erth       11%        N/A       38%         4
 Sublimation of Blood     Necr           8%         N/A       43%         2
 Spider Form              Tmut/Pois      13%        N/A       45%         3
 Frozen Ramparts          Ice            26%        1d4       67%         3
 Hailstorm                Conj/Ice       13%        3d5       67%         3
 Ozocubu's Armour         Ice            13%        N/A       67%         3
 Vampiric Draining        Necr           8%         2d6       67%         3
 Anguish                  Hex/Necr       8%         N/A       67%         4
 Flame Wave               Conj/Fire      13%        2d6       83%         4
 Sticky Flame             Conj/Fire      13%        2d4       83%         4
 Ice Form                 Ice/Tmut       19%        N/A       86%         4
 Dispel Undead            Necr           8%         3d8       97%         4
 Olgreb's Toxic Radiance  Pois           8%         N/A       97%         4
 Summon Horrible Things   Summ           32%        N/A       16%         8
 Malign Gateway           Summ/Tloc      27%        N/A       26%         7
 Dispersal                Tloc           19%        N/A       52%         6
 Lightning Bolt           Conj/Air       11%        1d24      77%         5
 Yara's Violent Unravell  Hex/Tmut       10%        3d6       80%         5
 Spellforged Servitor     Conj/Summ      20%        N/A       93%         7
 Blade Hands              Tmut           8%         N/A       94%         5
 Metabolic Englaciation   Hex/Ice        12%        N/A       95%         5
 Borgnjor's Vile Clutch   Necr/Erth      7%         N/A       98%         5
 Alistair's Intoxication  Tmut/Pois      8%         N/A       99%         5
 Fireball                 Conj/Fire      6%         3d5       99%         5
 Iskenderun's Battlesphe  Conj           8%         2d6       100%        5
 Conjure Ball Lightning   Conj/Air       11%        3x3d6     100%        6
 Eringya's Noxious Bog    Tmut/Pois      6%         N/A       100%        6
 Iron Shot                Conj/Erth      7%         9d2       100%        6
 Simulacrum               Ice/Necr       6%         N/A       100%        6
 Starburst                Conj/Fire      6%         6d4       100%        6
 Orb of Destruction       Conj           4%         9d5       100%        7
 Ozocubu's Refrigeration  Ice            6%         4d8       100%        7
 Storm Form               Tmut/Air       13%        N/A       100%        7
 Disjunction              Tloc           19%        N/A       100%        8
 Ignition                 Fire           9%         3d5       100%        8
 Maxwell's Capacitive Co  Air            17%        ∞         100%        8


Dungeon Overview and Level Annotations

Branches:
Dungeon (15/15)            Temple (0/1) D:6            Lair (5/5) D:10
 Shoals (4/4) Lair:2        Snake (4/4) Lair:2        Slime (5/5) Lair:4
    Orc (2/2) D:9             Elf (3/3) Orc:2        Vaults (5/5) D:14
  Crypt (3/3) Vaults:2       Tomb (1/3) Crypt:3      Depths (4/4) D:15
   Hell (visited)             Dis (0/7) Hell            Geh (1/7) Hell
    Coc (3/7) Hell            Tar (3/7) Hell            Zot (5/5) Depths:4
Ossuary (visited)          Bailey (visited)          WizLab (visited)

Altars:
Fedhas
Gozag
Kikubaaqudgha
Qazlal
Ru
Sif Muna
Uskayaw
Vehumet
Yredelemnul
Zin
Jiyva

Shops:
D:4 ?((((   D:7 *   D:8 :   D:13 =   Orc:2 [(??   Elf:2 [   Snake:1 =:=:
Snake:2 ?   Snake:4 =   Vaults:5 (   Depths:2 ![   Depths:3 *:

Portals:
Hell: Depths:1 Depths:2 Depths:3 Depths:4
Abyss: Depths:1 Depths:3
Pandemonium: Depths:1 Depths:2
Trove: D:10 (give 12 scrolls of teleportation)

Annotations:
D:3 Crazy Yiuf
Slime:5 Royal Jelly
Vaults:1 exclusion: door
Depths:4 Vv


Innate Abilities, Weirdness & Mutations

You have a beak for a mouth.
You have claws for feet.
Your magical nature lets you fly swiftly and evasively.


Message History

You feel sick.
You feel sick.
You feel sick.
You feel sick.
You feel sick.
You are no longer poisoned.
You feel yourself speed up.
Casting: Passwall (safe; 12% risk of failure)
Confirm with . or Enter, or press ? or * to list all spells.
The reaper hits you from afar with a +0 scythe of freezing.
* * * LOW HITPOINT WARNING * * *
Casting: Summon Cactus Giant (mildly dangerous; 1% risk of failure)
Confirm with . or Enter, or press ? or * to list all spells.
You begin teleporting projectiles to their destination.
You block the reaper's attack.
Your cactus giant barely misses the reaper.
Fire: s) +9 hand crossbow of Slime {speed, rPois Will- Str+3}
Press: ? - help, Q - select action, (/) - cycle Shift-Dir - straight line, f - reaper
Aim: a reaper, wielding a +0 scythe of freezing (ally target, 85% to hit)
You magically shoot a bolt.
The bolt hits the reaper.
The reaper is lightly wounded.
The reaper shouts, "Death awaits you!" You block the reaper's attack.
Fire: s) +9 hand crossbow of Slime {speed, rPois Will- Str+3}
Press: ? - help, Q - select action, (/) - cycle Shift-Dir - straight line, f/p - reaper
Aim: a reaper, wielding a +0 scythe of freezing (lightly wounded, ally target, 85% to hit)
You magically shoot a bolt.
The bolt hits the reaper!
The reaper is lightly wounded.
The Tzitzimitl calls on the powers of darkness!
Your body is wracked with pain!
* * * LOW HITPOINT WARNING * * *
You block the reaper's attack.
You feel better. The reaper completely misses you.
You feel better.
Your cactus giant hits the reaper with a +0 giant spiked club!
The Tzitzimitl gestures at you.
The bolt of negative energy hits your cactus giant!!
Your cactus giant is drained!
The bolt of negative energy hits you!!! You partially resist.
You feel drained.
You die...

###
########@#
#...##1C##
##....2##
##....#.##
#....##..#
##...###..##
§C# ##..###
##..#### °○
#...#
##1....####
.# ##..##
##..#......#
#


You could see a Tzitzimitl (ally target), a reaper and a friendly cactus giant
(summoned, drained).

Vanquished Creatures
  9 dread liches
  3 ancient liches (Vaults:5)
  Tiamat (Zot:1)
  Mara (Vaults:4)
  An orb of fire (Zot:2)
  2 juggernauts (D:15)
  Josephina (Depths:4)
  Head Instructor (WizLab)
  2 Killer Klowns (Zig:9)
  Frederick (Depths:3)
  Bai Suzhen (Elf:3)
  2 curse toes
  Geryon (Hell)
  A caustic shrike (Zig:6)
  8 golden dragons
  3 doom hounds
  The ghost of cforsyth the Tortoise, an adept BaFi of Cheibriados (Elf:1)
  2 hellephants (Abyss:4)
  Jorgrun (Orc:2)
  A walking earthen tome (Depths:3)
  2 walking crystal tomes
  A Hell Sentinel (Zig:6)
  The ghost of WiseOSalty the Warrior, an adept DsFi of Qazlal (Elf:2)
  8 tentacled monstrosities
  7 liches
  Grunn (Zot:1)
  Mlioglotl (Snake:2)
  A tainted leviathan (Zig:1)
  An Ice Fiend (Coc:2)
  Zenata (Elf:3)
  4 Orb Guardians
  2 deep elf blademasters (Elf:3)
  7 quicksilver dragons
  3 deep elf master archers (Elf:3)
  Asterion (Snake:1)
  Polyphemus (Shoals:4)
  2 walking frostbound tomes (Zot:4)
  2 searing wretches (Geh:1)
  2 titans (Vaults:5)
  13 acid blobs
  2 Executioners
  An acid blob (shapeshifter) (Zig:9)
  The ghost of Feshunla the Bewitcher, an adept KoEn of Dithmenos (Vaults:4)
  8 ancient champions
  3 tentacled starspawn (Abyss:3)
  2 krakens (Shoals:4)
  11 sphinxes
  6 storm dragons
  7 death cobs
  4 tengu reavers
  Donald (Shoals:1)
  7 azure jellies
  5 shadow dragons
  A draconian monk (Zot:4)
  The ghost of Vatovie the Impaler, a journeyman MiBe of Trog (Elf:2)
  7 draconian knights
  9 fire giants
  12 frost giants
  4 draconian scorchers
  12 vault wardens
  3 narguns (Zot:4)
  5 revenants
  6 iron dragons
  10 rockslimes
  9 nagarajas
  Ilsuiw (Shoals:2)
  6 deep elf sorcerers
  2 balrugs (Hell)
  Aizul (Snake:1)
  The ghost of relicbr the Unseen, an adept SpDe of Dithmenos (Shoals:3)
  4 ghost moths
  3 draconian shifters
  2 shard shrike simulacra
  6 curse skulls
  9 reapers
  2 orc warlords
  A juggernaut zombie (Crypt:2)
  8 deep elf elementalists (Elf:3)
  5 draconian annihilators
  20 ironbound preservers
  A spriggan defender (Depths:2)
  7 ghouls
  3 war gargoyles
  11 quicksilver oozes
  14 very ugly things
  12 stone giants
  An elemental wellspring (Coc:2)
  5 ironbound thunderhulks
  3 green draconians
  8 deep elf demonologists
  A spectral titan (Tar:3)
  4 red draconians
  11 vampire knights
  7 black draconians
  7 white draconians
  19 dire elephants
  A putrid mouth (Tar:3)
  8 spark wasps
  A dire elephant (shapeshifter) (Depths:2)
  A wendigo (Coc:2)
  6 deep elf annihilators
  4 purple draconians
  5 yellow draconians
  A green death (Abyss:3)
  7 starcursed masses
  A blizzard demon (Hell)
  10 deep elf death magi
  5 eidola
  2 iron golems (Hell)
  Snorg (Orc:2)
  15 yaktaur captains
  2 merfolk javelineers (Shoals:4)
  10 ettins
  The ghost of pokeman the Eclecticist, a journeyman DEHW of Vehumet (D:14)
  5 deep elf high priests
  8 mummy priests (Tomb:1)
  27 vault guards
  8 fire dragons
  12 jiangshi
  6 merfolk impalers
  5 entropy weavers
  A spectral quicksilver dragon (Tar:3)
  A fenstrider witch zombie (Crypt:3)
  A rakshasa (Depths:1)
  3 spriggan zombies
  A hell beast (Depths:1)
  A quicksilver dragon skeleton (Crypt:2)
  4 salamander tyrants
  9 ice dragons
  6 ogre magi
  8 great orbs of eyes
  A caustic shrike simulacrum (Coc:3)
  Erolcha (Orc:2)
  2 peacekeepers (Vaults:4)
  7 spriggan air magi
  7 hydras
  11 centaur warriors
  5 ironbound frosthearts
  3 catoblepae
  9 anacondas
  10 boulder beetles
  A spectral stone giant (Tar:2)
  23 two-headed ogres
  2 death knights
  3 spriggan berserkers
  4 satyrs
  32 dancing weapons
  14 hell hogs
  17 naga warriors
  4 tengu warriors
  12 death scarabs (Tomb:1)
  4 deep troll shamans
  6 death yaks
  3 thrashing horrors (Abyss:3)
  3 deep troll earth magi
  10 soul eaters
  9 hell knights
  3 shock serpents
  An orc high priest (Elf:2)
  10 vampire magi
  15 naga sharpshooters
  25 deep elf knights
  A spectral dire elephant (Tar:3)
  8 sun demons (Hell)
  32 skeletal warriors
  7 skysharks
  3 wretched stars
  6 salamander mystics
  2 shadow wraiths (D:14)
  7 sea snakes
  10 iron trolls
  A titan skeleton (Vaults:3)
  43 deep trolls
  2 shadow demons
  3 spatial maelstroms
  6 glowing orange brains
  A death drake (shapeshifter) (Elf:3)
  10 flayed ghosts
  An orb spider (shapeshifter) (Zig:3)
  A bog body (Crypt:3)
  24 harpies
  3 naga ritualists
  18 deep elf archers
  A tengu zombie (Vaults:3)
  9 ironbound convokers
  A golden dragon skeleton (Hell)
  11 wizards
  2 orb spiders (Zig:10)
  A shadow dragon zombie (Depths:2)
  A steelbarb worm (Zig:10)
  2 spriggan simulacra
  5 lindwurms
  20 deep elf zephyrmancers
  12 necromancers
  4 phantasmal warriors
  2 wolf spiders (Lair:5)
  12 orc knights
  35 deep elf pyromancers
  10 shining eyes
  An iron dragon zombie (Crypt:2)
  9 mana vipers
  42 ugly things
  4 orc sorcerers
  7 oklob plants
  10 fauns
  13 salamanders
  2 will-o-the-wisps
  A salamander (shapeshifter) (Zig:3)
  A spectral ettin (Tar:2)
  16 cyclopes
  A spectral alligator snapping turtle (Tar:3)
  8 elephants
  16 moths of wrath
  9 water nymphs
  2 manticores (shapeshifter)
  A naga zombie (Hell)
  An iron dragon skeleton (Crypt:2)
  23 manticores
  3 rust devils
  15 merfolk sirens
  13 guardian serpents
  30 black mambas
  A demonic crawler (Zig:10)
  Maurice (D:9)
  16 vault sentinels
  A shock serpent zombie (Crypt:3)
  A torpor snail (Lair:3)
  2 apocalypse crabs
  3 guardian serpents (shapeshifter)
  16 naga magi
  Psyche (D:9)
  4 eyes of devastation
  3 smoke demons
  A yaktaur zombie (Vaults:3)
  4 centaur skeletons
  A pale draconian zombie (Crypt:1)
  31 yaktaurs
  3 gargoyles
  A minotaur zombie (Hell)
  A red draconian zombie (Crypt:2)
  2 cane toads (Lair:2)
  5 efreet
  2 unseen horrors
  2 hellions
  An anaconda simulacrum (Coc:2)
  A kobold demonologist (D:11)
  6 rime drakes
  A bunyip simulacrum (Coc:2)
  2 ancient zymes (Abyss:3)
  9 freezing wraiths
  2 iron giant simulacra (Coc:3)
  A redback zombie (Crypt:1)
  3 ice devils
  8 guardian mummies (Tomb:1)
  4 tengu conjurers
  8 komodo dragons
  A golden dragon simulacrum (Depths:4)
  2 harpy zombies
  3 meliai (D:15)
  2 tormentors
  2 hornets (Depths:2)
  11 trolls
  27 merfolk
  A wind drake (shapeshifter) (Elf:3)
  A wolf spider simulacrum (D:15)
  A tengu simulacrum (Depths:2)
  11 polar bears
  Prince Ribbit (D:5)
  A harpy skeleton (Hell)
  2 jumping spider zombies (Crypt:1)
  A sphinx simulacrum (Depths:4)
  7 wind drakes
  15 blink frogs
  8 snapping turtles
  A stone giant simulacrum (Coc:1)
  10 small abominations
  4 iron dragon simulacra
  8 raiju
  23 dream sheep
  18 flying skulls
  122 slime creatures
  3 air elementals
  A black mamba zombie (Abyss:1)
  A jumping spider (Vaults:2)
  3 shadows
  6 water elementals
  A ynoxinul (Depths:2)
  45 yaks
  2 spriggans (Depths:2)
  2 wyverns
  12 wraiths
  A fire elemental (Elf:3)
  A fire bat (Abyss:3)
  8 large abominations
  3 ushabtiu (Tomb:1)
  2 dire elephant simulacra (Coc:1)
  2 black mamba skeletons (Crypt:3)
  A tyrant leech zombie (Crypt:1)
  3 basilisks
  2 redbacks
  7 golden eyes
  3 neqoxecs
  27 nameless horrors
  A wind drake skeleton (Crypt:1)
  2 steam dragons
  5 chaos spawn
  7 vampire mosquitoes (D:12)
  6 spatial vortices (Abyss:4)
  12 wargs
  The ghost of Rocko1345 the Magician, an amateur DjHW (D:4)
  24 nagas
  Menkaure (D:6)
  5 acid dragons
  6 harpy simulacra
  A hydra simulacrum (Coc:1)
  A naga skeleton (Crypt:2)
  11 water moccasins
  2 floating eyes
  A deep troll skeleton (Crypt:1)
  16 hell hounds
  35 orc warriors
  A demonspawn skeleton (Crypt:2)
  A dream sheep zombie (Crypt:3)
  An ice beast (D:8)
  2 sky beasts
  13 black bears
  5 boggarts (Vaults:2)
  A manticore zombie (Crypt:3)
  An ettin simulacrum (Coc:1)
  25 ogres
  18 wolves
  A wolf (shapeshifter) (D:14)
  2 centaurs
  A phantom (D:5)
  A kobold brigand (D:11)
  3 elf zombies
  2 scorpions
  A rime drake skeleton (Crypt:3)
  3 earth elementals (Elf:1)
  5 necrophages
  2 gnoll sergeants
  10 bullfrogs
  A warg zombie (Crypt:2)
  3 glowing shapeshifter simulacra
  4 wights (D:8)
  20 killer bees
  A queen bee zombie (Crypt:3)
  2 spriggan skeletons
  10 howler monkeys
  3 electric eels
  2 jellies
  A black bear zombie (Crypt:2)
  3 lava snakes (Lair:2)
  A wolf skeleton (Crypt:3)
  4 centaur zombies
  3 hounds
  23 orc priests
  2 human zombies (Ossuary)
  A gnoll bouda (D:5)
  2 iguanas
  An iron imp (Abyss:1)
  2 sleepcaps
  A black bear skeleton (Crypt:2)
  25 orc wizards
  5 hell rats (Lair:4)
  An ice beast zombie (Crypt:1)
  An ogre skeleton (Crypt:1)
  A hound zombie (Ossuary)
  23 mummies
  13 gnolls
  6 adders
  A swamp drake skeleton (Crypt:2)
  3 shadow imps
  A white imp (D:6)
  An ufetubus (D:4)
  4 adder zombies (Ossuary)
  2 worms
  3 dart slugs
  120 orcs
  4 ball pythons
  16 bats
  11 endoplasms
  3 giant cockroaches
  2 gnoll zombies (Ossuary)
  5 goblins
  6 hobgoblins
  7 jackals
  2 quokkas
  5 frilled lizards
  3 goblin zombies (Ossuary)
  2 hobgoblin zombies (Ossuary)
  4 jackal zombies (Ossuary)
  6 kobolds
  4 kobold zombies (Ossuary)
  2 orc zombies (Ossuary)
  A quokka zombie (Crypt:1)
  2 rats (D:1)
  6 rat zombies (Ossuary)
  2 fire vortices
  3 lurking horrors
  2 pillars of salt (Tomb:1)
  3 starspawn tentacles
  A tentacle (Shoals:4)
2620 creatures vanquished.

Vanquished Creatures (collateral kills)
  Margery (Depths:2)
  A caustic shrike (Zig:6)
  4 golden dragons
  An electric golem (Zot:3)
  A Hell Sentinel (Zig:6)
  3 tentacled monstrosities
  5 Orb Guardians (Zot:5)
  A deep elf blademaster (Elf:2)
  2 walking frostbound tomes
  The ghost of Kyerol the Warrior, an adept TeSu of Ashenzari (Elf:2)
  2 quicksilver dragons (Zot:1)
  A quicksilver dragon (shapeshifter) (Zig:9)
  2 acid blobs
  3 sphinxes
  5 death cobs
  A tentacled starspawn (Abyss:4)
  5 shadow dragons
  4 storm dragons
  2 tengu reavers (Vaults:5)
  An azure jelly (shapeshifter) (Zig:9)
  A fire giant (Depths:2)
  An emperor scorpion (Zig:10)
  A fire giant (shapeshifter) (Zig:9)
  An iron dragon (Depths:1)
  A nargun (Zot:4)
  3 frost giants
  A draconian knight (Zot:4)
  3 vault wardens
  Louise (Elf:3)
  6 draconian shifters
  3 nameless horrors
  An angel (Abyss:4)
  A draconian scorcher (Zot:4)
  A ghost moth (Zot:4)
  3 stone giants
  A draconian annihilator (Zot:4)
  A draconian stormcaller (Zot:2)
  3 ironbound preservers (Vaults:5)
  A reaper (Hell)
  An ironbound thunderhulk (Vaults:3)
  A vampire knight (Depths:1)
  3 very ugly things
  A war gargoyle (Vaults:5)
  2 black draconians
  4 green draconians
  5 dire elephants
  A bunyip (Abyss:3)
  7 purple draconians
  A white draconian (Zot:4)
  4 yellow draconians
  2 deep elf annihilators (Elf:3)
  A spark wasp (Depths:3)
  3 red draconians
  An iron golem (Hell)
  A merfolk impaler (Zig:2)
  2 eidola
  A fire dragon (Depths:3)
  5 mummy priests (Tomb:1)
  2 blizzard demons (Hell)
  An ettin (Vaults:5)
  A vault guard (Vaults:2)
  2 ice dragons (Depths:2)
  A salamander tyrant (Snake:4)
  2 centaur warriors (Vaults:1)
  A merfolk avatar (Shoals:4)
  2 merfolk aquamancers (Shoals:3)
  4 spriggan air magi
  2 ironbound frosthearts
  2 dancing weapons (Zot:4)
  2 deep troll earth magi
  2 death scarabs (Tomb:1)
  A vampire mage (Depths:1)
  6 hell hogs
  A spriggan berserker (Depths:4)
  2 hell knights (Depths:3)
  Nergalle (Orc:1)
  3 deep elf knights
  A crystal echidna (Zig:6)
  7 skeletal warriors
  3 deep trolls
  3 iron trolls
  A flayed ghost (Depths:1)
  4 deep elf archers
  A wizard (Vaults:1)
  A deep elf zephyrmancer (Elf:2)
  3 orc knights
  A mana viper (WizLab)
  5 ironbound convokers
  2 deep elf pyromancers
  7 ugly things
  A manticore (Shoals:3)
  3 moths of wrath
  A demonic crawler (Hell)
  An elephant (Abyss:4)
  An apocalypse crab (Zig:9)
  3 vault sentinels
  A centaur zombie (Hell)
  2 water nymphs
  An eye of devastation (Zig:7)
  A titan simulacrum (Depths:2)
  A naga skeleton (Hell)
  A centaur skeleton (Hell)
  A dire elephant skeleton (Crypt:3)
  6 yaktaurs
  2 tormentors
  A komodo dragon (D:13)
  A komodo dragon (shapeshifter) (Zig:9)
  2 freezing wraiths
  A hellion (Coc:3)
  A tengu conjurer (WizLab)
  An ice devil (Hell)
  2 trolls
  An ancient zyme (Zig:11)
  2 meliai (Zig:10)
  A guardian mummy (Tomb:1)
  A wind drake (Shoals:4)
  A death drake skeleton (Crypt:3)
  3 flying skulls (Tomb:1)
  A culicivora (Zig:10)
  6 slime creatures
  A wraith (D:12)
  A yak (D:12)
  2 redbacks (Zig:10)
  A spatial vortex (Abyss:4)
  A warg (Zig:5)
  A hell hound (Hell)
  4 orc warriors
  2 ogres
  An orc priest (Zig:4)
  A starcursed mass (Zig:11)
  2 orc wizards
  3 mummies (Tomb:1)
  5 orcs
  A lurking horror (Abyss:3)
  A snaplasher vine (Vaults:3)
281 creatures vanquished.

Vanquished Creatures (others)
  A ghost moth (Zig:10)
  A black draconian (Zot:1)
  A merfolk impaler (Shoals:3)
  A deep elf knight (Elf:2)
  A deep troll (Depths:2)
  A demonic crawler (Zig:10)
  A storm dragon simulacrum (Depths:4)
  An orc (Vaults:5)
  2 foxfires (Abyss:3)
  13 fungi
  13 pillars of salt
  83 plants
  10 snaplasher vines
  22 starspawn tentacles
  17 tentacles
  2 withered plants (Crypt:3)
170 creatures vanquished.

Grand Total: 3071 creatures vanquished

Notes
Turn   | Place    | Note
-------+----------+-------------------------------------------
     0 | D:1      | bobo the Tengu Hunter began the quest for the Orb.
     0 | D:1      | Reached XP level 1. HP: 12/12 MP: 2/2
    62 | D:1      | Reached XP level 2. HP: 17/17 MP: 3/3
   349 | D:1      | Reached XP level 3. HP: 22/22 MP: 4/4
  1177 | D:2      | Found a faded altar of an unknown god.
  1338 | D:3      | Found a glowing silver altar of Zin.
  1341 | D:3      | Became a worshipper of Zin the Law-Giver
  1341 | D:3      | Reached * piety under Zin
  1401 | D:3      | Reached skill level 5 in Ranged Weapons
  1402 | D:3      | HP: 1/22 [orc priest/+0 hand axe (6)]
  1407 | D:3      | Reached XP level 4. HP: 4/27 MP: 5/5
  1643 | D:3      | Reached skill level 1 in Invocations
  1760 | D:3      | Gained mutation: Your magical nature lets you fly swiftly
                  | and evasively. [Tengu growth]
  1760 | D:3      | Reached XP level 5. HP: 32/32 MP: 6/6
  2094 | D:3      | Found a runed translucent door.
  2095 | D:3      | Noticed Crazy Yiuf
  2286 | D:3      | Identified the +9 hammer "Uvas" {pain, rN+}
  2459 | D:4      | You are sucked into a shaft and drop 3 floors!
  2468 | D:7      | Reached ** piety under Zin
  2474 | D:7      | Noticed a centaur
  2528 | D:7      | Learned a level 3 spell: Swiftness
  2535 | D:6      | Noticed Menkaure
  2585 | D:6      | Reached XP level 6. HP: 37/37 MP: 8/8
  2599 | D:6      | Identified a scroll of acquirement
  2599 | D:6      | Acquired the +9 hand crossbow of Slime {speed, rPois Will-
                  | Str+3}
  2622 | D:6      | Found an opulent altar of Gozag.
  2653 | D:5      | Entered Level 5 of the Dungeon
  2653 | D:5      | Noticed Prince Ribbit
  2837 | D:4      | Found Zeix's Weapon Shop.
  2913 | D:4      | Reached *** piety under Zin
  2988 | D:4      | Found Copn's Magic Scroll Shop.
  3043 | D:4      | Reached XP level 7. HP: 43/43 MP: 9/9
  3050 | D:4      | Found a runed translucent door.
  3057 | D:4      | Noticed Rocko1345's ghost (amateur DjHW)
  3095 | D:4      | Found a blossoming altar of Fedhas.
  3165 | D:4      | Found Ydetuahemm's Weapon Boutique.
  3371 | D:4      | Found a basalt altar of Yredelemnul.
  3395 | D:4      | Found a stormy altar of Qazlal.
  3513 | D:4      | Found Muocs's Antique Weapon Shop.
  3541 | D:4      | Found Mobecwod's Weapon Emporium.
  3648 | D:4      | Killed Rocko1345's ghost
  3711 | D:5      | Killed Prince Ribbit
  3712 | D:5      | Reached skill level 5 in Stealth
  3712 | D:5      | Reached XP level 8. HP: 48/48 MP: 11/11
  3747 | D:5      | Reached skill level 5 in Fighting
  3907 | D:5      | Reached **** piety under Zin
  4398 | D:6      | Found a staircase to the Ecumenical Temple.
  4537 | D:6      | Killed Menkaure
  4857 | D:7      | Found a sacrificial altar of Ru.
  4880 | D:7      | Reached XP level 9. HP: 55/55 MP: 13/13
  5150 | D:7      | Reached skill level 5 in Invocations
  5164 | D:7      | Reached ***** piety under Zin
  5218 | D:7      | Found Riluod's CLEARANCE SALE!.
  5226 | D:7      | Bought a scroll of magic mapping for 22 gold pieces
  5660 | D:8      | Reached skill level 1 in Shields
  5742 | D:8      | Found Xutichin's Tremendous Tomes.
  5781 | D:8      | Found a sand-covered staircase.
  5790 | Ossuary  | Entered an ossuary
  6229 | D:8      | Identified the +7 whip "Mutykhabb" {flame, rElec rC+++
                  | rCorr Dex-3}
  6780 | D:8      | Reached ****** piety under Zin
  6930 | D:9      | Noticed a two-headed ogre
  6960 | D:9      | Killed a two-headed ogre
  6961 | D:9      | Reached XP level 10. HP: 63/63 MP: 15/15
  7086 | D:9      | Noticed Psyche
  7096 | D:9      | Killed Psyche
  7218 | D:9      | Found a staircase to the Orcish Mines.
  7417 | D:9      | Learned a level 3 spell: Portal Projectile
  7670 | D:10     | Entered Level 10 of the Dungeon
  7670 | D:10     | Found a flagged portal.
  7683 | Bailey   | Entered a bailey
  7794 | Bailey   | Noticed an orc knight
  7851 | Bailey   | Noticed an orc knight
  7875 | Bailey   | Noticed an orc knight
  7912 | Bailey   | Killed an orc knight
  7913 | Bailey   | Reached skill level 10 in Ranged Weapons
  7913 | Bailey   | Reached XP level 11. HP: 69/69 MP: 17/17
  7916 | Bailey   | Killed an orc knight
  7917 | Bailey   | Killed an orc knight
  8072 | D:10     | Noticed a two-headed ogre
  8117 | D:10     | Noticed a two-headed ogre
  8151 | D:9      | Noticed Maurice
  8153 | D:9      | Killed Maurice
  8154 | D:9      | Reached skill level 1 in Air Magic
  8208 | D:10     | Found a staircase to the Lair.
  8249 | Lair:1   | Entered Level 1 of the Lair of Beasts
  8253 | Lair:1   | Reached skill level 1 in Spellcasting
  8286 | Lair:1   | HP: 3/71 [rime drake/icy flash freeze (5)]
  8354 | D:10     | Reached skill level 1 in Hexes
  8354 | D:10     | Reached skill level 1 in Translocations
  8381 | D:10     | Identified the +0 ring mail of the Tormentor {rPois}
  8407 | D:10     | Killed a two-headed ogre
  8532 | Lair:1   | Reached skill level 5 in Dodging
  8540 | Lair:1   | Learned a level 4 spell: Leda's Liquefaction
  8698 | Lair:1   | Reached XP level 12. HP: 76/76 MP: 18/18
  9078 | Lair:2   | Noticed a catoblepas
  9090 | Lair:2   | Killed a catoblepas
  9198 | Lair:2   | Noticed a boulder beetle
  9201 | Lair:2   | Reached skill level 5 in Air Magic
  9211 | Lair:2   | Killed a boulder beetle
  9508 | Lair:2   | Found a staircase to the Shoals.
  9719 | Lair:2   | Found a staircase to the Snake Pit.
  9752 | Lair:2   | Reached skill level 10 in Fighting
 10119 | Lair:3   | Reached XP level 13. HP: 80/82 MP: 20/20
 11021 | Lair:4   | Found a viscous altar of Jiyva.
 11021 | Lair:4   | Found a staircase to the Slime Pits.
 11182 | Lair:4   | Reached skill level 5 in Spellcasting
 11272 | Lair:4   | Learned a level 2 spell: Blink
 11536 | Lair:5   | Entered Level 5 of the Lair of Beasts
 11713 | Orc:1    | Entered Level 1 of the Orcish Mines
 11858 | Orc:2    | Entered Level 2 of the Orcish Mines
 11858 | Orc:2    | Noticed Erolcha
 11859 | Orc:2    | Noticed Jorgrun
 11864 | Abyss:1  | Cast into level 1 of the Abyss (Erolcha)
 11889 | Abyss:1  | Found a corrupted altar of Lugonu.
 11892 | Abyss:1  | Found a corrupted altar of Lugonu.
 11892 | Abyss:1  | Found a corrupted altar of Lugonu.
 11892 | Abyss:1  | Found a corrupted altar of Lugonu.
 11892 | Abyss:1  | Found a corrupted altar of Lugonu.
 11892 | Abyss:1  | Found a corrupted altar of Lugonu.
 11958 | Abyss:1  | Noticed a purple very ugly thing
 11973 | Abyss:1  | Learned a level 2 spell: Passwall
 11995 | Abyss:1  | Noticed a cyan very ugly thing
 12006 | Abyss:1  | Noticed a lich
 12015 | Abyss:1  | Killed a lich
 12028 | Abyss:1  | Found a corrupted altar of Lugonu.
 12029 | Abyss:1  | Reached skill level 1 in Earth Magic
 12116 | Abyss:1  | Reached skill level 1 in Transmutations
 12121 | Abyss:1  | Noticed a tentacled starspawn
 12143 | Abyss:1  | Found a corrupted altar of Lugonu.
 12231 | Abyss:1  | Noticed a tentacled starspawn
 12236 | Abyss:1  | Found a corrupted altar of Lugonu.
 12289 | Abyss:1  | Noticed a reaper
 12348 | Abyss:1  | Noticed a tentacled starspawn
 12426 | Abyss:1  | Noticed a starcursed mass
 12492 | Orc:2    | Escaped the Abyss
 12799 | D:10     | Found a portal to a secret trove of treasure.
 12843 | D:10     | Found a shimmering blue altar of Sif Muna.
 13503 | D:11     | Reached XP level 14. HP: 90/90 MP: 22/22
 14446 | D:8      | Bought the Encyclopedia of Scorching Points for 962 gold
                  | pieces
 14450 | D:8      | Learned a level 3 spell: Inner Flame
 14751 | Shoals:1 | Entered Level 1 of the Shoals
 14751 | Shoals:1 | Found a transporter.
 14751 | Shoals:1 | Found a transporter.
 14770 | Shoals:1 | Found a transporter.
 14801 | Shoals:1 | Reached skill level 1 in Fire Magic
 15046 | Shoals:1 | Found a transporter.
 15101 | Shoals:1 | Found a transporter.
 15103 | Shoals:1 | Found a transporter.
 15893 | Shoals:2 | Noticed Donald
 16039 | Snake:1  | Entered Level 1 of the Snake Pit
 16154 | Snake:1  | Noticed Aizul
 16186 | Snake:1  | Killed Aizul
 16253 | Snake:1  | Reached XP level 15. HP: 96/96 MP: 25/25
 16280 | Snake:1  | Reached skill level 5 in Hexes
 16360 | Snake:1  | Found Exoag's Book Shoppe.
 16383 | Snake:1  | Noticed Asterion
 16396 | Snake:1  | Killed Asterion
 16397 | Snake:1  | Reached skill level 10 in Dodging
 16463 | Snake:1  | Reached skill level 1 in Armour
 16596 | Snake:1  | Found Byushry's Book Shoppe.
 16597 | Snake:1  | Found Jeuzao's Jewellery Shop.
 16597 | Snake:1  | Found Domuv's Jewellery Shop.
 17318 | Snake:2  | Noticed Mlioglotl
 17342 | Snake:2  | Killed Mlioglotl
 17431 | Snake:2  | Identified the +5 falchion "Veott" {flame, Fragile rElec
                  | rN+}
 17489 | Snake:2  | Found Dyvulo's Magic Scroll Emporium.
 18969 | Lair:5   | Reached skill level 5 in Shields
 19115 | Lair:5   | Reached XP level 16. HP: 84/103 MP: 26/28
 19255 | Lair:5   | Reached skill level 5 in Armour
 20324 | Snake:4  | Entered Level 4 of the Snake Pit
 20324 | Snake:4  | Noticed a nagaraja
 20500 | Snake:4  | Reached skill level 15 in Ranged Weapons
 20500 | Snake:4  | Reached XP level 17. HP: 109/109 MP: 29/29
 20507 | Snake:4  | Learned a level 5 spell: Summon Mana Viper
 20643 | Snake:4  | Reached skill level 1 in Summonings
 21083 | Snake:4  | Learned a level 4 spell: Summon Lightning Spire
 21427 | Snake:4  | Found Extemadd's Jewellery Emporium.
 21749 | Snake:4  | Reached skill level 5 in Summonings
 21815 | Snake:4  | Reached XP level 18. HP: 92/116 MP: 30/30
 22451 | Snake:4  | Got a serpentine rune of Zot
 22884 | Shoals:1 | Killed Donald
 23046 | Shoals:2 | Identified the +7 war axe of the Eternal Warrior {elec, rC+
                  | rCorr Str-5 Dex+3}
 23108 | Shoals:2 | Noticed Ilsuiw
 23168 | Shoals:2 | Killed Ilsuiw
 23832 | Shoals:3 | Identified the ring of Duexoth {Ice rCorr Str+6 Dex-5}
 23864 | Shoals:3 | Found a runed translucent gate.
 23994 | Shoals:3 | Found a runed translucent gate.
 23994 | Shoals:3 | Found a runed translucent gate.
 24514 | Shoals:4 | Entered Level 4 of the Shoals
 24671 | Shoals:4 | Identified the +8 short sword "Wotargh" {venom, Str+2
                  | Dex+4}
 25116 | Shoals:4 | Noticed Polyphemus
 25211 | Shoals:4 | Killed Polyphemus
 25399 | Shoals:4 | Got a barnacled rune of Zot
 25496 | Shoals:4 | Reached skill level 15 in Fighting
 25527 | Shoals:4 | Identified the +5 mace of Currency {vamp, rF+}
 25805 | Shoals:4 | Reached XP level 19. HP: 124/124 MP: 20/32
 26099 | Shoals:3 | Noticed relicbr's ghost (adept SpDe)
 27495 | D:13     | Found Weurgh's Jewellery Shop.
 28551 | D:14     | Found a runed translucent gate.
 28552 | D:14     | Found a runed translucent gate.
 28553 | D:14     | Found a runed translucent gate.
 28554 | D:14     | Noticed pokeman's ghost (journeyman DEHW)
 28712 | D:14     | Found a gate to the Vaults.
 28757 | Vaults:1 | Entered Level 1 of the Vaults
 28946 | Snake:1  | Bought the ring "Buuzylua" {Contam rF+ rC+++ Str+6 SInv}
                  | for 1170 gold pieces
 29466 | D:15     | Entered Level 15 of the Dungeon
 29585 | D:15     | Found a stormy altar of Qazlal.
 30185 | D:15     | Found a staircase to the Depths.
 30699 | Depths:1 | Entered Level 1 of the Depths
 30699 | Depths:1 | Found a one-way gate leading to the halls of Pandemonium.
 30789 | D:15     | Reached skill level 10 in Invocations
 31009 | Orc:2    | Killed Erolcha
 31018 | Orc:2    | Killed Jorgrun
 31235 | Orc:1    | Noticed Nergalle
 31242 | Orc:1    | Killed Nergalle
 31659 | Orc:2    | Found Wosemiri's Antique Weapon Boutique.
 31771 | Orc:2    | Found Xophij's Armour Shop.
 31789 | Orc:2    | Reached XP level 20. HP: 131/131 MP: 34/34
 31789 | Orc:2    | Noticed Snorg
 31810 | Orc:2    | Killed Snorg
 31847 | Orc:2    | Found Omopt's Magic Scroll Shoppe.
 31923 | Orc:2    | Found Lerraede's Magic Scroll Shop.
 31936 | Orc:2    | Bought a scroll of fear for 56 gold pieces
 32109 | Orc:2    | Found a staircase to the Elven Halls.
 32394 | Elf:1    | Entered Level 1 of the Elven Halls
 32438 | Elf:1    | Found a radiant altar of Vehumet.
 32832 | Elf:1    | Got the Verses on Company
 32839 | Elf:1    | Learned a level 5 spell: Summon Forest
 32887 | Elf:1    | Found a runed translucent door.
 32888 | Elf:1    | Noticed cforsyth's ghost (adept BaFi)
 33437 | Elf:1    | Paralysed by an air elemental for 1 turns
 33832 | Elf:1    | Killed cforsyth's ghost
 34066 | Elf:2    | Found Pujeqif's Armour Shoppe.
 34165 | Elf:2    | Found a runed translucent gate.
 34166 | Elf:2    | Found a runed translucent gate.
 34166 | Elf:2    | Found a runed translucent gate.
 34258 | Elf:2    | Reached skill level 10 in Spellcasting
 34386 | Elf:2    | Found a runed translucent gate.
 34386 | Elf:2    | Found a runed translucent gate.
 34426 | Elf:2    | Found a runed translucent gate.
 34429 | Elf:2    | Noticed Kyerol's ghost (adept TeSu)
 34429 | Elf:2    | Noticed Vatovie's ghost (journeyman MiBe)
 34429 | Elf:2    | Noticed WiseOSalty's ghost (adept DsFi)
 34958 | Elf:2    | Reached skill level 5 in Translocations
 35149 | Slime:1  | Entered Level 1 of the Pits of Slime
 35582 | Slime:2  | Reached XP level 21. HP: 139/139 MP: 32/36
 36454 | Elf:2    | Bought the +7 ring mail "Jax Qotz" {rF+ Str+2} for 858 gold
                  | pieces
 36677 | D:14     | Killed pokeman's ghost
 36907 | D:4      | Bought a scroll of enchant armour for 90 gold pieces
 36907 | D:4      | Bought a scroll of enchant armour for 90 gold pieces
 37109 | Vaults:1 | Reached skill level 10 in Summonings
 38507 | Vaults:1 | Paralysed by a great orb of eyes for 4 turns
 38965 | Abyss:2  | Cast into level 2 of the Abyss (a wizard)
 39006 | Abyss:2  | Found a corrupted altar of Lugonu.
 39041 | Abyss:3  | Found a corrupted altar of Lugonu.
 39125 | Abyss:3  | Found a corrupted altar of Lugonu.
 39335 | Vaults:2 | Escaped the Abyss
 39523 | Vaults:2 | Upgraded the game from 0.30-a0-879-ga8ba668304 to
                  | 0.30-a0-881-g1ff12e1e11
 39727 | Vaults:2 | Found a staircase to the Crypt.
 39727 | Vaults:2 | Found a basalt altar of Yredelemnul.
 39728 | Vaults:2 | Found an ancient bone altar of Kikubaaqudgha.
 39811 | Vaults:2 | Reached XP level 22. HP: 138/147 MP: 33/37
 41157 | Vaults:3 | Found a magical portal.
 41166 | WizLab   | Entered Yara's Duelist Academy
 41478 | WizLab   | Noticed Ahyladi
 41524 | WizLab   | Was placed under penance by Zin
 41531 | WizLab   | Killed Ahyladi the Head Instructor
 41553 | WizLab   | Donated 323 gold pieces to Zin
 41797 | WizLab   | Got Yara's Quarto of Malediction
 43164 | Vaults:4 | Noticed Mara
 43174 | Vaults:4 | Noticed bobo's illusion
 43204 | Vaults:4 | Killed Mara
 43265 | Vaults:4 | Acquired the amulet of Awe {Faith Will+ Regen+ Dex+2}
 43449 | Vaults:4 | Found a runed translucent gate.
 43449 | Vaults:4 | Found a runed translucent gate.
 43449 | Vaults:4 | Found a runed translucent gate.
 43452 | Vaults:4 | Noticed Feshunla's ghost (adept KoEn)
 44162 | Elf:2    | Killed Kyerol's ghost
 44229 | Elf:2    | Killed WiseOSalty's ghost
 44230 | Elf:2    | Reached XP level 23. HP: 99/155 MP: 38/38
 44502 | D:4      | Bought a scroll of brand weapon for 114 gold pieces
 44883 | D:15     | Donated 177 gold pieces to Zin
 44884 | D:15     | Donated 89 gold pieces to Zin
 45030 | Crypt:1  | Entered Level 1 of the Crypt
 45647 | Elf:2    | Killed Vatovie's ghost
 45666 | Elf:3    | Entered Level 3 of the Elven Halls
 45757 | Elf:3    | Noticed Louise
 45762 | Elf:3    | Killed Louise
 46047 | Elf:3    | Noticed Bai Suzhen
 46177 | Elf:3    | Killed Bai Suzhen
 46404 | Elf:3    | Noticed Zenata
 46410 | Elf:3    | Reached skill level 15 in Invocations
 46670 | Depths:1 | Noticed a juggernaut
 47059 | Crypt:1  | Paralysed by a vampire knight for 5 turns
 47069 | Crypt:1  | Paralysed by a vampire knight for 5 turns
 48203 | Crypt:2  | Identified the +7 leather armour of the Armoured One
                  | {Dex+5}
 48302 | Crypt:1  | Donated 112 gold pieces to Zin
 48303 | Crypt:1  | Donated 56 gold pieces to Zin
 48802 | Vaults:4 | Found a viscous altar of Jiyva.
 49136 | Shoals:3 | Killed relicbr's ghost
 49153 | Shoals:3 | Identified the +0 leather armour of the Circus Animal
                  | {Rampage rN+++ Int-2}
 49158 | Shoals:3 | Identified the +0 pair of gloves of Pughat {rC+ rN+ rCorr
                  | Stlth-}
 50408 | Slime:4  | Learned a level 7 spell: Monstrous Menagerie
 50605 | Slime:3  | Donated 32 gold pieces to Zin
 50985 | Slime:4  | Reached XP level 24. HP: 130/163 MP: 38/38
 51081 | Slime:5  | Entered Level 5 of the Pits of Slime
 51114 | Slime:5  | Noticed the Royal Jelly
 51612 | Slime:5  | Gained mutation: Your body sometimes deteriorates upon
                  | taking damage. [a shining eye]
 51715 | Slime:5  | Found a viscous altar of Jiyva.
 51730 | Slime:5  | Found the +12 pair of quick blades "Gyre" and "Gimble"
                  | {protect}
 51755 | Slime:5  | Gained mutation: Your spells are a little easier to cast,
                  | but a little less powerful. [a shining eye]
 51756 | Slime:5  | Gained mutation: You are dopey. (Int -2) [a shining eye]
 52439 | Crypt:2  | Reached skill level 15 in Dodging
 52739 | Crypt:2  | Was forgiven by Zin
 53145 | Crypt:3  | Entered Level 3 of the Crypt
 53657 | Crypt:3  | Noticed a curse toe
 53674 | Crypt:3  | Killed a curse toe
 53677 | Crypt:3  | Reached skill level 10 in Shields
 54380 | Depths:1 | Noticed a juggernaut
 54662 | Elf:3    | Reached skill level 10 in Stealth
 54773 | Elf:3    | Identified the +5 ring mail of Action {rCorr Int+3}
 55009 | Elf:3    | Killed Zenata
 55023 | Elf:3    | Reached skill level 15 in Summonings
 55154 | Elf:3    | Reached XP level 25. HP: 156/168 MP: 21/39
 55580 | Elf:3    | Identified the +2 flail of the Lusting Dove {antimagic,
                  | rElec Dex+4}
 55588 | Elf:3    | Identified the +2 ring mail of Kugun {Str+3 Int+7}
 55618 | Elf:3    | Got Kuymoox's Omnibus of the Flock
 55623 | Elf:3    | Identified the ring of New Discoveries {Fly Slay+4}
 55750 | Elf:3    | Lost mutation: Your spells are a little easier to cast, but
                  | a little less powerful. [potion of mutation]
 55750 | Elf:3    | Lost mutation: Your body sometimes deteriorates upon taking
                  | damage. [potion of mutation]
 55751 | Elf:3    | Lost mutation: You are dopey. (Int -2) [potion of mutation]
 56063 | Crypt:3  | Reached skill level 10 in Translocations
 56325 | Crypt:3  | Noticed an ancient lich
 56326 | Crypt:3  | Noticed a dread lich
 56326 | Crypt:3  | Noticed a dread lich
 56758 | D:4      | Bought a scroll of blinking for 90 gold pieces
 56969 | Orc:2    | Bought a scroll of teleportation for 42 gold pieces
 56969 | Orc:2    | Bought a scroll of teleportation for 42 gold pieces
 57616 | Crypt:3  | Found a staircase to the Tomb.
 57929 | Crypt:3  | HP: 6/165 [Executioner[a dread lich] (21)]
 58103 | Tomb:1   | Entered Level 1 of the Tomb of the Ancients
 58446 | D:15     | Killed a juggernaut
 58506 | D:15     | Killed a juggernaut
 58764 | Depths:1 | Identified the +1 longbow "Kaelak" {heavy, Int+5}
 58765 | Depths:1 | Identified the ring "Tanuawki" {rElec MP+9}
 58773 | Depths:1 | Identified the +1 chain mail "Megi" {rF- Dex+8 Stlth-}
 58827 | Depths:1 | Found a one-way gateway to a ziggurat.
 59214 | Depths:1 | Found a gateway to Hell.
 59518 | Depths:1 | Found a one-way gate to the infinite horrors of the Abyss.
 59599 | Depths:1 | Identified the +2 dagger "Beastslayer" {freeze, rC+ rCorr
                  | SInv}
 59604 | Depths:1 | Acquired 438 gold pieces
 60370 | Depths:2 | Found Miuffux's Antique Armour Emporium.
 60397 | Depths:2 | Found Jouc's Distillery.
 60611 | Depths:2 | Paralysed by a hornet for 1 turns
 61115 | Depths:2 | Identified the +7 short sword of the Demagogue {freeze,
                  | Fly}
 61182 | Depths:2 | Got the Atlas of Nasty Conflagration
 61432 | Depths:2 | Learned a level 7 spell: Summon Hydra
 62060 | Depths:3 | Noticed Frederick
 62236 | Depths:3 | Noticed Margery
 62270 | Depths:2 | Reached XP level 26. HP: 125/174 MP: 39/39
 62373 | Depths:2 | Killed Margery
 63601 | Vaults:4 | Killed Feshunla's ghost
 63740 | Vaults:5 | Entered Level 5 of the Vaults
 63740 | Vaults:5 | Noticed a dread lich
 63745 | Vaults:5 | Noticed an ancient lich
 63762 | Vaults:5 | Noticed an ancient lich
 63765 | Vaults:5 | Killed an ancient lich
 63771 | Vaults:5 | Killed a dread lich
 63777 | Vaults:5 | Was placed under penance by Zin
 63784 | Vaults:5 | Killed an ancient lich
 64093 | Vaults:5 | Was forgiven by Zin
 64386 | Vaults:5 | Identified the +0 leather armour of Hide-and-Seek {Rampage
                  | rN+ Dex+4 SInv}
 64402 | Abyss:3  | Cast into level 3 of the Abyss (a deep elf sorcerer)
 64416 | Abyss:3  | Found a corrupted altar of Lugonu.
 64588 | Vaults:5 | Escaped the Abyss
 64655 | Vaults:5 | Reached skill level 15 in Shields
 64836 | Vaults:5 | Identified the +6 great sword "Kaomulal" {drain, rC- rN+
                  | Dex+2}
 64868 | Vaults:5 | Noticed an ancient lich
 64873 | Vaults:5 | Identified the ring of Piunof {Contam rC+ rN+ Str+9 Slay-6}
 65013 | Vaults:5 | Identified the +8 battleaxe of the Spectre {spect, rElec
                  | rPois rC+}
 65022 | Vaults:5 | Killed an ancient lich
 65276 | Vaults:5 | Identified the +9 rapier "Jossy" {freeze, Dex+4}
 65303 | Vaults:5 | Reached XP level 27. HP: 130/179 MP: 2/39
 65585 | Vaults:5 | Noticed a dread lich
 65598 | Vaults:5 | Killed a dread lich
 65772 | Vaults:5 | Found Gycoov's Antique Weapon Shoppe.
 65775 | Vaults:5 | Noticed a dread lich
 65785 | Vaults:5 | Killed a dread lich
 66013 | Vaults:5 | Identified the +3 falchion of Anatuic {speed, *Corrode
                  | Str+9 Int-5}
 66324 | Vaults:5 | Noticed a dread lich
 66333 | Vaults:5 | Killed a dread lich
 66339 | Vaults:5 | Got a silver rune of Zot
 66604 | Depths:3 | Found Lafug's General Store.
 67011 | Depths:3 | Killed Frederick
 67194 | Depths:3 | Identified the -1 pair of gloves of the Lonely Shrikes
                  | {Str+3}
 67751 | Depths:3 | Found Gubural's Book Shoppe.
 68241 | Depths:4 | Entered Level 4 of the Depths
 68376 | Depths:4 | Found a hide-covered altar of Uskayaw.
 68416 | Depths:4 | Identified the ring "Ibuc" {Ice Contam Dex+8 Stlth+}
 68416 | Depths:4 | Noticed Josephina
 68436 | Depths:4 | Killed Josephina
 68605 | Depths:4 | Noticed Vv
 68829 | Depths:4 | Identified the +8 chain mail of Gozag's Grace {-Cast rElec
                  | rN+++ Int-3}
 68968 | Depths:4 | Found a gate to the Realm of Zot.
 69481 | Zot:1    | Entered Level 1 of the Realm of Zot
 69619 | Zot:1    | Noticed Grunn
 69635 | Zot:1    | Killed Grunn
 70658 | Zot:1    | You are sucked into a shaft and drop 1 floor!
 71129 | Zot:1    | Found the +4 dragonskin cloak
 71129 | Zot:1    | Noticed Tiamat
 71499 | Zot:1    | Killed Tiamat
 72072 | Zot:1    | Learned a level 4 spell: Animate Armour
 72317 | Zot:2    | Noticed an orb of fire
 72339 | Zot:2    | Killed an orb of fire
 72594 | Zot:2    | Reached skill level 10 in Armour
 73520 | Zot:3    | Identified the +5 spear of Ufaomar {vamp, rN+}
 75991 | Zot:5    | Entered Level 5 of the Realm of Zot
 76248 | Zot:5    | Identified the +7 scimitar of Desperation {freeze, Will+
                  | Str-4 Int+2 SInv}
 76786 | Zot:5    | Noticed a dread lich
 76814 | Zot:5    | Killed a dread lich
 76911 | Zot:5    | Noticed an orb of fire
 77690 | Tomb:1   | Paralysed by a sphinx for 5 turns
 79565 | Depths:1 | Voluntarily entered the Abyss.
 79567 | Abyss:3  | Found a corrupted altar of Lugonu.
 79625 | Abyss:4  | Found a corrupted altar of Lugonu.
 79686 | Abyss:4  | Got an abyssal rune of Zot
 79805 | Depths:1 | Escaped the Abyss
 80023 | Zot:5    | Noticed a dread lich
 80023 | Zot:5    | Noticed an orb of fire
 80028 | Zot:5    | Noticed an orb of fire
 80037 | Zot:4    | Killed a dread lich
 80256 | Zot:5    | Noticed a dread lich
 80259 | Zot:4    | Paralysed by a dread lich for 3 turns
 80268 | Zot:4    | Killed a dread lich
 80312 | Zot:5    | Noticed an orb of fire
 80451 | Hell     | Entered the Vestibule of Hell
 80453 | Hell     | Noticed Geryon
 80720 | Zig:1    | Entered Level 1 of a ziggurat
 80741 | Zig:2    | Entered Level 2 of a ziggurat
 80760 | Zig:2    | Identified the +1 plate armour of Disaster {*Slow Int+4}
 80799 | Zig:3    | Entered Level 3 of a ziggurat
 80800 | Zig:3    | Noticed a dread lich
 80815 | Zig:3    | Killed a dread lich
 80824 | Zig:3    | Identified the +0 leather armour "Res Dosm" {rCorr SInv}
 80921 | Zig:4    | Entered Level 4 of a ziggurat
 81131 | Zig:5    | Entered Level 5 of a ziggurat
 81169 | Zig:5    | Identified the +0 scale mail of Undesirable Species {-Tele
                  | Contam rF+ Str+7}
 81303 | Zig:6    | Entered Level 6 of a ziggurat
 81352 | Zig:6    | Learned a level 6 spell: Summon Cactus Giant
 81352 | Zig:6    | Identified the +1 chain mail of Resourcefulness {rC+}
 81548 | Zig:7    | Entered Level 7 of a ziggurat
 81576 | Zig:7    | Found the +10 morningstar "Eos" {elec, Halo rElec}
 81593 | Zig:7    | Identified the +2 plate armour of Roobuuc {Contam +Inv
                  | Int+4}
 81686 | Zig:8    | Entered Level 8 of a ziggurat
 81885 | Zig:8    | Identified the +1 helmet of Greed {Rampage}
 81904 | Zig:9    | Entered Level 9 of a ziggurat
 81950 | Zig:9    | Found the +5 robe of Night {Dark Will+ SInv}
 82076 | Zig:9    | Learned a level 4 spell: Passage of Golubria
 82080 | Zig:10   | Entered Level 10 of a ziggurat
 82283 | Zig:10   | Identified the +5 arbalest of Ladgh {flame, Fly Str+3}
 82286 | Zig:10   | Identified the ring of Hepliaklqana's Wrath {rF+ rC+ Int+6}
 82290 | Zig:10   | Identified the ring "Liopief" {rC+ Will+ Dex+5}
 82306 | Zig:11   | Entered Level 11 of a ziggurat
 82362 | Zig:11   | Paralysed by accursed screaming for 2 turns
 82398 | Zig:11   | Paralysed by accursed screaming for 2 turns
 82415 | Zig:11   | Paralysed by accursed screaming for 2 turns
 82693 | Hell     | Killed Geryon
 83160 | Hell     | Found a gateway to the ashen valley of Gehenna.
 83736 | Hell     | Found a gateway to the Iron City of Dis.
 83788 | Hell     | Found a gateway to the freezing wastes of Cocytus.
 83893 | Hell     | Found a gateway to the decaying netherworld of Tartarus.
 83953 | Coc:1    | Entered Level 1 of Cocytus
 84773 | Geh:1    | Entered Level 1 of Gehenna
 85001 | Tar:1    | Entered Level 1 of Tartarus
 85001 | Tar:1    | You are sucked into a shaft and drop 1 floor!
 85093 | Tar:2    | Noticed a dread lich
 85105 | Tar:2    | Killed a dread lich
 85409 | Tar:3    | Killed from afar by a Tzitzimitl

Illustrated notes

Levels and vault maps discovered:
D:1:      eino_arrival_cavern_e, layout_basic
D:2:      layout_loops_cross, ebering_ecumenical_altar_petrified
D:3:      layout_loops_ring, zin_statuary, kennysheep_minor_cross,
          uniq_crazy_yiuf_cottage
D:4:      layout_basic, grunt_temple_overflow_open, fedhas_altar_fruit_tree,
          ebering_ghost_reflecting_pool, serial_shops, shop,
          nicolae_shop_hallway_stairs, shop_fountains, shop,
          nicolae_shop_bloodbath_and_beyond, dk_vineyard_2, grunt_ministairs_9,
          minmay_crystal_room
D:5:      layout_cave_pods, uniq_prince_ribbit1
D:6:      layout_loops_cross, old_standard_altar, minmay_temple_entry_grid,
          uniq_menkaure
D:7:      layout_loops_ring, nicolae_ru_the_path_less_chosen,
          kennysheep_flooded_box, nicolae_shop_clearance
D:8:      layout_layer_cave, gup_ossuary_entry_pyramid, minivault_21,
          minmay_stone_trees_medium, minmay_misc_feat_iff,
          nicolae_shop_i_like_big_books, roderic_batcave
D:9:      layout_loops_ring, hiddenorc2_lemuel, nrook_pool_corridor,
          uniq_maurice, uniq_psyche
D:10:     layout_cave_pools, kennysheep_mini, david_lair_generic,
          enter_bailey_2, nicolae_trove_entry_crossroad, grunt_decor_cap,
          disabler_island
D:11:     layout_stronghold, eino_jars
D:12:     minmay_chambers_of_sixes, layout_rooms, nzn_random_ring
D:13:     layout_cave_pools, serial_shops, nicolae_shop_hallway_plus
D:14:     layout_loops_ring, skrybe_vaults_entry_preservation,
          gammafunk_ghost_spectres, serial_bayou_pond_e, grunt_ministairs_1
D:15:     grunt_enter_depths_magical_seal, layout_loops_ring,
          nicolae_qazlal_style_of_elements
Lair:1:   minmay_lair_oklob_tunnel, layout_chaotic_city
Lair:2:   layout_chaotic_city, minmay_shoals_entry_hut,
          nicolae_snake_entry_warm_welcome, grunt_megastairs_4,
          serial_bayou_shore_a
Lair:3:   layout_regular_city, minivault_11, infiniplex_staircase_pool
Lair:4:   layout_gridlike, slime_entry_1, serial_bayou_shore_b
Lair:5:   hangedman_lair_caniforms_friends, layout_cellular_growth,
          hangedman_lair_in_review
Shoals:1: cheibrodos_shoals_satyrical_garden, layout_shoals,
          serial_nicolae_subway, nicolae_sub_station_metal,
          nicolae_sub_station_stone, nicolae_sub_station_crystal
Shoals:2: layout_shoals, uniq_ilsuiw, uniq_donald
Shoals:3: layout_shoals, gammafunk_ghost_tricky_traps
Shoals:4: shoals_end_hangedman, layout_shoals, uniq_polyphemus
Snake:1:  layout_grid_maze, serial_shops, nicolae_shop_statue_plus,
          minmay_shop_grove, uniq_aizul, uniq_asterion
Snake:2:  layout_basic, serial_shops, shop, uniq_mlioglotl
Snake:3:  layout_cave_town, nicolae_snake_single_loop
Snake:4:  snake_hunt, layout_chambers, serial_shops,
          nicolae_shop_competitors_out_of_business, nicolae_triple_integral
Slime:1:  layout_caves
Slime:2:  layout_caves
Slime:3:  layout_caves, nicolae_slime_phagocytosis
Slime:4:  cheibrodos_slime_lost_civilization_1, layout_caves
Slime:5
Orc:1:    layout_caves, nicolae_orc_lava_room, uniq_nergalle
Orc:2:    st_orc_open, layout_caves, uniq_erolcha, uniq_jorgrun, uniq_snorg
Elf:1:    eino_elf_arrival_altar, layout_onion_city, gammafunk_ghost_grave,
          minmay_elf_demonology
Elf:2:    nicolae_elf_blades_crystal_corner, layout_onion_city,
          gammafunk_ghost_cemetery, serial_shops, nicolae_shop_statue_plus,
          nicolae_elf_stair_hall
Elf:3:    minmay_elf_hall_four_x, layout_onion_city, uniq_zenata, uniq_louise,
          uniq_bai_suzhen
Vaults:1: nicolae_vaults_specimen_jars, v_pattern_2, vaults_dpeg_doors,
          nicolae_vaults_stairing_the_circle, vaults_room_corners,
          nicolae_vaults_little_squares_3, vaults_dpeg_emergency_exit,
          vaults_room_pools, grunt_vaults_funnel, layout_vaults_chaotic_city
Vaults:2: ontoclasm_vaults_misaligned, v_alt_pattern_6,
          minmay_crypt_entry_necro_gods, v_alt_pattern_5, grunt_vaults_bifocal,
          vaults_room_door_ring, vaults_room_grid, v_misc_33,
          hangedman_vaults_snaps, hangedman_vaults_capsules,
          hangedman_vaults_impose, v_misc_27, vaults_dpeg_diagonal,
          layout_vaults_ring
Vaults:3: mu_enter_wizlab_5, v_misc_8, vaults_room_door_hall,
          nicolae_vaults_back_hallway, vaults_room_hallway,
          ontoclasm_vaults_loading_screen, hangedman_vaults_trim,
          nicolae_vaults_three_branches, layout_vaults_omnigrid
Vaults:4: gammafunk_ghost_ooze, hangedman_vaults_pinch,
          nicolae_vaults_network_periphery, hangedman_vaults_river_flow,
          nicolae_vaults_network_star, v_misc_30, layout_vaults_maze_snakey,
          uniq_mara
Vaults:5
Crypt:1:  dreamdust_cat_pyramid, layout_catacombs
Crypt:2:  layout_basic
Crypt:3:  david_glass_crypt, layout_chaotic_city, tomb_entry_forgotten_bobbens
Tomb:1
Depths:1: layout_cave_shapes, enter_ziggurat_e, pan_entry,
          abyss_entry_small_statue_room, bh_walls_and_bars,
          grunt_mini_vestibule, grunt_decor_arrowhead,
          minmay_the_grid_square_5x5_3x3_mashed
          [minmay_the_grid_square_5x5_corner,
          minmay_the_grid_square_5x5_shrine1,
          minmay_the_grid_square_5x5_tetrominoes,
          minmay_the_grid_square_5x5_tie,
          minmay_the_grid_square_5x5_megaprize_crossed,
          minmay_the_grid_square_5x5_doubleslash,
          minmay_the_grid_square_5x5_hollow_slash,
          minmay_the_grid_square_5x5_intrusive_squares,
          minmay_the_grid_square_5x5_fat_x]
Depths:2: minmay_tile_spiral, layout_cave_shapes, rand_demon_pan_entry_9,
          serial_shops, nicolae_inconvenience_store, shop, hell_entry,
          corexii_leaking_fountain
Depths:3: kennysheep_green_arena, layout_cave_pools, hex_medium,
          pf_hell_entry_tar_spiral, abyss_entry, serial_shops, shop,
          nicolae_take_the_stairs, infiniplex_staircase_hallway_doors,
          uniq_margery, uniq_frederick
Depths:4: evilmike_zot_entry_basic, layout_gridlike, hell_entry,
          grunt_ministairs_6, hangedman_decor_cross_pass, uniq_vv,
          uniq_josephina
Hell
Geh:1:    layout_gehenna_pools_triple, nicolae_geh_fiery_graves
          [nicolae_geh_single_fiery_grave, nicolae_geh_single_fiery_grave,
          nicolae_geh_single_fiery_grave, nicolae_geh_single_fiery_grave,
          nicolae_geh_single_fiery_grave, nicolae_geh_single_fiery_grave,
          nicolae_geh_single_fiery_grave, nicolae_geh_single_fiery_grave,
          nicolae_geh_single_fiery_grave]
Coc:1:    nicolae_coc_three_mouths, layout_cocytus_delve
Coc:2:    layout_ice_bergs
Coc:3:    layout_ice_bergs
Tar:1:    layout_catacombs, nicolae_tar_cuneiform_city
Tar:2:    layout_grid_maze
Tar:3:    layout_cathedral_of_symmetry, nicolae_tar_spectre_spectrum
Zot:1:    layout_basic, grunt_megastairs_1, uniq_tiamat, uniq_grunn
Zot:2:    layout_gridlike
Zot:3:    layout_concentric_octagons
Zot:4:    layout_misc_corridors, nicolae_rock_paper_scissors, grunt_megastairs_2
Zot:5:    layout_cathedral_of_symmetry, hangedman_zot_decor_unnerving_road

Skill      XL: |  1  2  3  4  5  6  7  8  9 10 11 12 13 14 15 16 17 18 19 20 21 22 23 24 25 26 27 |
---------------+----------------------------------------------------------------------------------+-----
Stealth        | 2 3 5 6 7 8 9 10 13 | 13.0
Ranged Weapons | 5 6 7 9 10 11 12 13 14 15 16 17 18 19 20 23 | 23.2
Fighting       | 3 4 5 7 8 9 10 11 12 13 14 15 16 17 18 19 20 23 | 23.2
Invocations    | 1 2 3 4 6 7 8 10 11 13 14 15 16 17 19 | 19.8
Shields        | 3 4 5 7 8 10 13 15 | 15.0
Dodging        | 3 5 6 8 9 11 12 13 14 15 | 15.8
Air Magic      | 3 6 8 9 |  9.6
Spellcasting   | 2 4 5 6 7 8 9 10 11 12 | 12.6
Hexes          | 1 3 4 6 |  6.0
Translocations | 2 3 4 5 6 7 8 9 10 | 10.7
Earth Magic    | 2 3 |  3.9
Transmutations | 2 3 |  3.0
Fire Magic     | 3 |  3.4
Armour         | 4 5 7 14 | 14.2
Summonings     | 5 7 9 11 12 13 15 17 19 23 | 23.1

Action                     |  1- 3 |  4- 6 |  7- 9 | 10-12 | 13-15 | 16-18 | 19-21 | 22-24 | 25-27 || total
---------------------------+-------+-------+-------+-------+-------+-------+-------+-------+-------++-------
  Melee: Hand crossbow     |       |       |       |       |     1 |       |       |    14 |       ||    15
         Kick              |       |       |       |       |       |       |       |    11 |       ||    11
         Peck              |       |       |       |       |       |       |       |     6 |       ||     6
   Fire: Shortbow          |    93 |    77 |       |       |       |       |       |       |       ||   170
         Hand crossbow     |       |    22 |   244 |   424 |   950 |  1008 |  1569 |  1949 |  3013 ||  9179
   Cast: Swiftness         |       |       |       |     1 |     7 |     9 |     4 |    13 |     8 ||    42
         Passwall          |       |       |       |       |     6 |    15 |     2 |     3 |     5 ||    31
         Portal Projectile |       |       |       |       |     7 |    13 |    36 |    27 |    52 ||   135
         Inner Flame       |       |       |       |       |     7 |    15 |    36 |    22 |       ||    80
         Blink             |       |       |       |       |     6 |     8 |    11 |    21 |    19 ||    65
         Leda's Liquefacti |       |       |       |       |       |     1 |     2 |       |     1 ||     4
         Summon Lightning  |       |       |       |       |       |    23 |    99 |    56 |    16 ||   194
         Summon Forest     |       |       |       |       |       |       |     3 |    28 |    24 ||    55
         Summon Mana Viper |       |       |       |       |       |       |       |     1 |    26 ||    27
         Monstrous Menager |       |       |       |       |       |       |       |       |   182 ||   182
         Summon Hydra      |       |       |       |       |       |       |       |       |   140 ||   140
         Summon Cactus Gia |       |       |       |       |       |       |       |       |    29 ||    29
         Animate Armour    |       |       |       |       |       |       |       |       |    25 ||    25
         Passage of Golubr |       |       |       |       |       |       |       |       |     2 ||     2
 Invoke: Recite            |     1 |     5 |     7 |     9 |    15 |    20 |    24 |    20 |    98 ||   199
         Vitalisation      |       |       |     3 |       |     4 |     2 |     5 |     4 |    33 ||    51
         Sanctuary         |       |       |       |     1 |       |       |       |       |    10 ||    11
         Imprison          |       |       |       |       |     1 |     2 |       |     1 |     2 ||     6
         Donate Gold       |       |       |       |       |       |       |       |     6 |       ||     6
  Evoke: Wand              |       |       |       |       |       |       |     1 |     4 |       ||     5
    Use: Scroll            |     3 |    10 |     5 |     8 |    16 |     7 |     6 |    23 |    30 ||   108
         Potion            |     2 |       |       |     1 |     9 |     4 |     3 |    12 |    34 ||    65
 Armour: Leather armour    |     6 |    14 |    12 |       |       |       |       |       |       ||    32
         Skin              |       |       |       |     4 |       |       |       |       |       ||     4
         Troll leather arm |       |       |       |    12 |    60 |    50 |    39 |       |       ||   161
         Chain mail        |       |       |       |       |       |       |    10 |       |       ||    10
         Ring mail         |       |       |       |       |       |       |    29 |   181 |    61 ||   271
         Quicksilver drago |       |       |       |       |       |       |       |       |    46 ||    46
         Fire dragon scale |       |       |       |       |       |       |       |       |   229 ||   229
  Dodge: Dodged            |    13 |    31 |    37 |    80 |   315 |   276 |   443 |   824 |  1488 ||  3507
  Block: Buckler           |       |       |    17 |    38 |    65 |       |       |       |       ||   120
         Kite shield       |       |       |       |       |   100 |   386 |   556 |   950 |  1799 ||  3791

Table legend: (Time is in decaauts)
 A = Elapsed time spent in this place.
 B = Non-inter-level travel time spent in this place.
 C = Inter-level travel time spent in this place.
 D = Time resting spent in this place.
 E = Time spent auto-exploring this place.
 F = Levels seen in this place.
 G = Mean time per level.
                   A        B        C        D        E       F      G
               +--------+--------+--------+--------+--------+-----+--------+
         Total |  79814 |  69830 |   9984 |  11213 |  35551 |  84 |  950.2 |
       Dungeon |  16449 |  12596 |   3853 |    673 |   8777 |  15 | 1096.6 |
          Lair |   5582 |   4417 |   1165 |     69 |   3175 |   5 | 1116.4 |
        Shoals |   4573 |   4133 |    440 |    296 |   2288 |   4 | 1143.2 |
     Snake Pit |   4581 |   4145 |    436 |    336 |   1964 |   4 | 1145.2 |
    Slime Pits |   3524 |   3228 |    296 |    427 |   1578 |   5 |  704.8 |
  Orcish Mines |   1602 |   1398 |    204 |    170 |    778 |   2 |  801.0 |
   Elven Halls |   5324 |   4889 |    435 |    442 |   2681 |   3 | 1774.7 |
        Vaults |   9161 |   8000 |   1161 |   1321 |   4255 |   5 | 1832.2 |
         Crypt |   4686 |   3963 |    723 |    657 |   1795 |   3 | 1562.0 |
          Tomb |   1775 |   1581 |    194 |    563 |    266 |   1 | 1775.0 |
        Depths |   8362 |   7623 |    739 |   2187 |   3230 |   4 | 2090.5 |
          Hell |   1488 |   1488 |      0 |    735 |    257 |   1 | 1488.0 |
       Gehenna |     90 |     90 |      0 |      0 |      0 |   1 |   90.0 |
       Cocytus |    619 |    595 |     24 |    168 |    206 |   3 |  206.3 |
      Tartarus |    392 |    392 |      0 |     95 |     47 |   3 |  130.7 |
           Zot |   7419 |   7111 |    308 |   1769 |   3856 |   5 | 1483.8 |
         Abyss |   1343 |   1343 |      0 |     54 |     29 |   6 |  223.8 |
      Ziggurat |   1644 |   1644 |      0 |   1030 |      0 |  11 |  149.5 |
       Ossuary |    214 |    214 |      0 |      0 |     23 |   1 |  214.0 |
        Bailey |    369 |    369 |      0 |    116 |     54 |   1 |  369.0 |
        Wizlab |    607 |    607 |      0 |    100 |    283 |   1 |  607.0 |
               +--------+--------+--------+--------+--------+-----+--------+

Top non-repeatable levels by time:
Depths:2: 3317 daAuts
    D:15: 2324 daAuts
Vaults:5: 2271 daAuts
   Zot:1: 2220 daAuts
Vaults:1: 2092 daAuts
   Zot:4: 2041 daAuts
   Elf:2: 2032 daAuts
Vaults:2: 1849 daAuts
Depths:1: 1826 daAuts
 Snake:4: 1799 daAuts
  Tomb:1: 1775 daAuts
   Elf:1: 1704 daAuts
 Crypt:1: 1660 daAuts
    D:14: 1656 daAuts
 Crypt:3: 1644 daAuts
